 Dungeon Crawl Stone Soup version 0.24.0-123-gd5b16e6ec5 (webtiles) character file.

Game seed: 7103230796909273678, levelgen mode: deterministic

3620 mortelune the Destroyer (level 10, -2/50 HPs)
             Began as a Gargoyle Fire Elementalist on Jan 3, 2020.
             Was an Initiate of Vehumet.
             Slain by a death yak (23 damage)
             ... on level 8 of the Dungeon on Jan 4, 2020.
             The game lasted 00:24:33 (10300 turns).

mortelune the Destroyer (GrFE)                     Turns: 10300, Time: 00:24:34

Health: -2/50      AC: 11    Str: 12    XL:     10   Next: 11%
Magic:  4/19       EV: 12    Int: 19    God:    Vehumet [......]
Gold:   328        SH:  0    Dex: 10    Spells: 6/21 levels left

rFire    . . .     SeeInvis .   u - +2 mace (freeze)
rCold    . . .     Gourm    .   (no shield)
rNeg     + . .     Faith    .   a - +0 robe
rPois    ∞         Spirit   .   c - +0 helmet
rElec    +         Reflect  .   (no cloak)
rCorr    .         Harm     .   (no gloves)
MR       .....                  p - +0 pair of boots
Stlth    ++........             (no amulet)
HPRegen  0.16/turn              j - ring of wizardry
MPRegen  0.16/turn              (no ring)

@: no status effects
A: negative energy resistance 1, electricity resistance, unbreathing,
petrification resistance, rot immunity, AC +7
a: Renounce Religion


You were on level 8 of the Dungeon.
You worshipped Vehumet.
Vehumet was noncommittal.
You were hungry.

You visited 2 branches of the dungeon, and saw 10 of its levels.

You collected 328 gold pieces.

Inventory:

Hand Weapons
 d - a +0 club
 s - a +0 mace
 u - a +2 mace of freezing (weapon)
Armour
 a - a +0 robe (worn)
 c - a +0 helmet (worn)
 p - a +0 pair of boots (worn)
 v - a +2 scale mail of fire resistance
Jewellery
 j - a ring of wizardry (left hand)
Wands
 o - a wand of digging (8)
Scrolls
 b - a scroll of amnesia
 e - 2 scrolls of fear {unknown}
 h - 3 scrolls of teleportation
 i - 4 scrolls of remove curse
 m - 3 scrolls of magic mapping {unknown}
 r - 2 scrolls of immolation
Potions
 f - a potion of brilliance
 g - 5 potions of might
 k - 3 potions of heal wounds
 l - 3 potions of lignification
 q - a potion of curing
 t - 2 potions of agility {unknown}
Comestibles
 n - 3 rations


   Skills:
 - Level 1.5 Dodging
 - Level 2.1 Stealth
 + Level 6.1 Spellcasting
 * Level 9.8 Conjurations
 * Level 9.5 Fire Magic


You had 6 spell levels left.
You knew the following spells:

 Your Spells              Type           Power        Failure   Level  Hunger
a - Flame Tongue          Conj/Fire      #####        1%          1    None
b - Throw Flame           Conj/Fire      #####.       1%          2    None
c - Sticky Flame          Conj/Fire      #####...     1%          4    ####...
d - Conjure Flame         Conj/Fire      #####...     1%          3    ##.....
e - Fireball              Conj/Fire      #####.....   2%          5    #####..

Your spell library contained the following spells:

 Spells                   Type           Power        Failure   Level  Hunger
 Inner Flame              Hex/Fire       ###.....     1%          3    ##.....


Dungeon Overview and Level Annotations

Branches:
Dungeon (9/15)             Temple (1/1) D:6
   Lair: D:8-11         Orc: D:9-12

Altars:
Ashenzari
Cheibriados
Elyvilon
Fedhas
Kikubaaqudgha
Nemelex Xobeh
Qazlal
Uskayaw
Vehumet
Xom
Zin
The Shining One

Annotations:
D:2 Sigmund


Innate Abilities, Weirdness & Mutations

You are resistant to torment.
Your stone body is resilient. (AC +7)
You are immune to poison.
You resist negative energy. (rN+)
You are resistant to electric shocks. (rElec)
You can survive without breathing.
You are immune to petrification.
You are immune to rotting.


Message History

Aim: a death yak (flame, lightly wounded)
The sticky flame hits the death yak!
The death yak is lightly wounded.
The death yak is covered in liquid flames!
The death yak burns!
The death yak is engulfed in blazing flames.
The death yak closely misses you.
You hit the death yak. You freeze the death yak.
The death yak is heavily wounded.
The death yak burns!
The death yak is engulfed in blazing flames.
The death yak misses you.
You hit the death yak but do no damage.
The death yak is severely wounded.
The death yak burns! x2
The death yak is engulfed in blazing flames.
The death yak gores you!!
The death yak is engulfed in blazing flames.
The death yak gores you!!
You die...

#.#%##....#..#Yo
#.#.......#...oY
#.#....#..).c...
#.# #....o..#
#.# #(.##.#..#
#.# #)........
#.# ##.##.##.#
#.######.# ..
#(...@Y).# ##
##########


You could see a death yak (burning).

Vanquished Creatures
  A hippogriff (D:7)
  2 ice beasts (D:6)
  An orc warrior (D:6)
  2 sky beasts (D:6)
  A phantom (D:5)
  A black bear (D:7)
  4 ogres
  A necrophage (D:7)
  4 centaurs
  4 big kobolds (D:8)
  2 bullfrogs
  A wyvern skeleton (D:7)
  3 wights (D:8)
  5 killer bees (D:8)
  4 howler monkeys
  4 crimson imps
  A quasit (D:7)
  2 bullfrog zombies
  3 hounds
  A jelly (D:7)
  2 orc priests (D:5)
  A centaur skeleton (D:6)
  2 iguanas
  Natasha (D:1)
  Terence (D:1)
  6 orc wizards
  5 worker ants
  2 killer bee zombies
  2 hound skeletons (D:4)
  A worker ant zombie (D:6)
  A howler monkey zombie (D:6)
  3 gnolls (D:6)
  3 adders
  3 oozes
  2 adder skeletons
  2 worms
  3 dart slugs
  2 leopard geckos (D:1)
  21 orcs
  3 ball pythons
  6 bats
  4 giant cockroaches
  6 goblins
  6 hobgoblins
  6 jackals
  26 kobolds
  A quokka (D:7)
  10 frilled lizards
  A jackal zombie (D:6)
  A kobold skeleton (D:8)
  A leopard gecko zombie (D:7)
  3 quokka skeletons
  A quokka zombie (D:6)
  7 rats
192 creatures vanquished.

Notes
Turn   | Place    | Note
-------+----------+-------------------------------------------
     0 | D:1      | mortelune the Gargoyle Fire Elementalist began the quest
                  | for the Orb.
     0 | D:1      | Reached XP level 1. HP: 10/10 MP: 3/3
   340 | D:1      | Reached XP level 2. HP: 6/15 MP: 0/5
   513 | D:1      | Learned a level 2 spell: Throw Flame
  1211 | D:1      | Reached XP level 3. HP: 19/19 MP: 3/6
  1649 | D:2      | Noticed Natasha
  1655 | D:1      | Killed Natasha
  1854 | D:1      | Reached XP level 4. HP: 21/24 MP: 1/7
  1864 | D:1      | Learned a level 4 spell: Sticky Flame
  2256 | D:2      | Noticed Terence
  2258 | D:2      | Noticed Sigmund
  2420 | D:1      | Killed Terence
  2420 | D:1      | Reached XP level 5. HP: 21/28 MP: 0/9
  2813 | D:3      | Found a glowing silver altar of Zin.
  3436 | D:4      | Found a shimmering altar of Xom.
  3705 | D:4      | Reached XP level 6. HP: 32/32 MP: 5/10
  4024 | D:4      | Reached skill level 5 in Fire Magic
  4206 | D:4      | Learned a level 3 spell: Conjure Flame
  4210 | D:5      | Entered Level 5 of the Dungeon
  4329 | D:5      | Found a shimmering altar of Xom.
  4473 | D:5      | Reached XP level 7. HP: 30/36 MP: 1/12
  4522 | D:5      | Found a stormy altar of Qazlal.
  4584 | D:5      | Reached skill level 5 in Conjurations
  5960 | D:6      | Reached XP level 8. HP: 35/41 MP: 5/14
  6989 | D:6      | Found a hide-covered altar of Uskayaw.
  7306 | D:7      | Noticed a hippogriff
  7314 | D:7      | Killed a hippogriff
  7314 | D:7      | Reached XP level 9. HP: 44/45 MP: 2/16
  7338 | D:7      | Reached skill level 5 in Spellcasting
  7598 | D:7      | Learned a level 5 spell: Fireball
  7959 | D:6      | Noticed a +0 hand axe
  7959 | D:6      | Noticed a +0 dagger
  8694 | D:9      | Found a sparkling altar of Nemelex Xobeh.
  9395 | D:8      | Noticed a death yak
  9396 | D:8      | Noticed a death yak
  9398 | D:8      | Noticed a death yak
  9399 | D:8      | Noticed a death yak
  9410 | D:8      | Reached XP level 10. HP: 43/50 MP: 10/18
 10013 | D:6      | Found a staircase to the Ecumenical Temple.
 10024 | Temple   | Entered the Ecumenical Temple
 10045 | Temple   | Became a worshipper of Vehumet
 10281 | D:8      | Noticed a death yak
 10300 | D:8      | Slain by a death yak

Levels and vault maps discovered:
D:1:      mrwooster_arrival_arrow, layout_loops_ring
D:2:      layout_basic, uniq_crazy_yiuf_cottage, uniq_terence, uniq_natasha,
          uniq_sigmund
D:3:      layout_basic, lemuel_crystal_altar, first_ration,
          chequers_serial_rivers_room_b, hangedman_decor_opposing
D:4:      layout_loops_ring, xom_teletrap_fun
D:5:      layout_rooms, grunt_qazlal_sundering, basic_altar
D:6:      layout_basic, dancing_weapons_uskayaw, minmay_temple_entry_overgrown,
          serial_undead, serial_undead_b, serial_undead_b, serial_undead_d,
          serial_undead_b, minmay_fractal_squares_gapless_5
D:7:      layout_basic, kennysheep_generic_room_2
D:8:      wander_kiku_kobolds, layout_basic, gammafunk_temple_overflow_statue,
          dpeg_lair_monsters, special_room [special_room_orc], uniq_joseph
D:9:      layout_layer_cave, nemelex_xobeh_ov_fountains_minmay,
          old_standard_altar, yredelemnul_altar_generic,
          minmay_orc_entry_guard_dogs, hangedman_ranch [blue_anna_fruit_fields],
          uniq_grum
Temple:   dshaligram_water_room_temple

Skill      XL: |  1  2  3  4  5  6  7  8  9 10 |
---------------+-------------------------------+-----
Conjurations   | 2 3 4 6 7 9 |  9.8
Fire Magic     | 4 5 6 7 9 |  9.5
Spellcasting   | 3 4 5 6 |  6.1
Dodging        | |  1.5
Stealth        | |  2.1

Action                   |  1- 3 |  4- 6 |  7- 9 | 10-12 || total
-------------------------+-------+-------+-------+-------++-------
Melee: Club              |    25 |    58 |       |       ||    83
       Unarmed           |     7 |       |       |       ||     7
       Mace              |       |       |   189 |    24 ||   213
 Cast: Flame Tongue      |    21 |    79 |   178 |    20 ||   298
       Throw Flame       |    18 |    27 |    93 |     7 ||   145
       Sticky Flame      |       |     4 |    13 |     6 ||    23
       Conjure Flame     |       |       |     2 |     1 ||     3
       Fireball          |       |       |     2 |       ||     2
  Use: Potion            |       |     2 |     1 |       ||     3
       Scroll            |       |       |     7 |     1 ||     8
 Stab: Sleeping          |       |     2 |       |       ||     2
  Eat: Chunk             |     4 |     7 |    12 |     1 ||    24
       Ration            |       |     1 |     2 |     1 ||     4
Armor: Robe              |    22 |    57 |   149 |    11 ||   239
Dodge: Dodged            |    32 |   114 |   200 |    35 ||   381
